Map: Zona del Vuoto

Players

Krake

  • Race: Terran Terran

GrosPapaNoël

  • Race: Terran Terran

Jhyrachy

  • Race: Zerg Zerg
  • League: Gold

Beartato

  • Race: Terran Terran

царь

  • Race: Terran Terran

Pouchkine

  • Race: Zerg Zerg

CARGUESAN

  • Race: Terran Terran

evobus

  • Race: Protoss Protoss

VOD

Have the link to the VOD?

Description

Time

  • Played on: May 26, 2016, 7:58 a.m.
  • Length: 12:03
Show
View Real Time Build Order
Export as new Build Order

Krake Terran 

Build Orders:  

Get SALT Encoding   

  12  0:07  SCV  
  13  0:19  SCV  
  14  0:31  Supply Depot, SCV  
  15  0:53  SCV  
  16  1:01  Barracks  
  16  1:02  Barracks  
  16  1:05  SCV  
  17  1:17  SCV  
  18  1:20  Barracks  
  18  1:29  SCV  
  19  1:41  SCV  
  19  1:43  Supply Depot  
  20  1:53  SCV  
  21  1:57  Supply Depot  
  21  2:02  Marine x2  
  21  2:05  SCV  
  21  2:07  Supply Depot  
  24  2:18  Refinery  
  24  2:19  Orbital Command  
  24  2:20  Marine x2  
  24  2:22  Marine  
  27  2:37  Engineering Bay  
  27  2:38  Marine x2  
  27  2:40  Marine  
  30  2:55  Marine  
  30  2:56  Marine  
  30  2:58  Marine, Refinery  
  33  3:13  Marine  
  33  3:14  Marine  
  33  3:15  Marine  
  28  3:31  Marine x2  
  28  3:33  Marine  
  31  3:49  Marine x2  
  31  3:51  Marine  
  34  4:07  Marine x2  
  34  4:09  Marine  
  23  7:44  Missile Turret  
Show
View Real Time Build Order
Export as new Build Order

GrosPapaNoël Terran 

Build Orders:  

Get SALT Encoding   

  12  0:15  Supply Depot  
  12  0:17  SCV  
  13  0:54  Barracks  
  13  0:59  Supply Depot, SCV  
  14  1:11  SCV  
  15  1:21  Barracks  
  15  1:23  SCV  
  16  1:26  Refinery  
  15  1:35  SCV  
  16  1:45  Marine, Supply Depot  
  17  1:50  SCV  
  18  1:55  Refinery  
  18  2:02  SCV  
  18  2:03  Marine  
  20  2:19  Supply Depot  
  21  2:22  SCV  
  21  2:26  Marine  
  21  2:28  Marine  
  23  2:35  SCV  
  24  2:40  Factory  
  24  2:44  Marine  
  24  2:45  Marine  
  24  2:49  SCV  
  27  3:01  SCV  
  27  3:02  Marine  
  27  3:03  Marine  
  30  3:06  Engineering Bay  
  30  3:13  SCV  
  30  3:20  Marine  
  26  3:30  Factory Tech Lab  
  24  3:51  Siege Tank  
  25  4:09  Missile Turret  
  25  4:17  Marine  
  25  4:20  Marine  
  25  4:23  Siege Tank  
  30  4:35  Marine  
  31  4:38  Marine  
  32  4:53  Marine, Orbital Command  
  32  4:54  Missile Turret  
  32  4:56  Marine  
  34  5:10  Marine  
  35  5:14  Marine  
  36  5:28  Marine  
  36  5:32  Marine  
  38  5:46  Marine  
  38  5:47  Refinery, Starport  
  38  5:49  Marine  
  39  5:51  Missile Turret  
  40  6:04  Marine  
  40  6:07  Marine  
  42  6:13  Missile Turret x2  
  42  6:16  Missile Turret  
  42  6:18  Hi-Sec Auto Tracking  
  42  6:20  SCV  
  42  6:22  Marine  
  42  6:25  Marine, Starport Reactor  
  44  6:27  Starport  
  44  6:32  SCV  
  46  6:45  Marine  
  47  6:58  Supply Depot  
  47  7:02  Liberator x2  
  47  7:09  Starport Reactor  
  47  7:14  Missile Turret  
  47  7:19  Marine x2  
  47  7:21  Supply Depot  
  55  7:38  Missile Turret  
  55  7:42  Marine x2  
  57  7:45  Liberator x2  
  57  7:56  Supply Depot  
  57  8:00  Marine x2, Siege Tank  
  63  8:18  Marine x2  
  62  8:32  Siege Tank  
  50  8:36  Marine  
  48  8:54  Marine  
  49  9:11  Marine  
  30  9:54  Marine x2  
  32  10:04  Fusion Core, Siege Tank  
  35  10:12  Marine  
  36  10:15  Command Center  
  35  10:29  Marine  
  33  10:36  Siege Tank  
  31  10:47  Marine  
  14  12:01  Barracks  
Show
View Real Time Build Order
Export as new Build Order

Jhyrachy Zerg 

Build Orders: Hatch First 

Get SALT Encoding   

  12  0:02  Drone  
  13  0:16  Drone  
  14  0:24  Overlord  
  14  1:07  Drone  
  14  1:08  Drone  
  16  1:13  Drone  
  16  1:17  Hatchery  
  16  1:20  Overlord  
  16  1:22  Extractor  
  16  1:24  Spawning Pool  
  14  1:41  Drone  
  14  1:42  Drone  
  16  1:57  Overlord  
  16  2:19  Queen  
  16  2:22  Zergling x2  
  19  2:23  Zergling x2  
  20  2:30  Hatchery  
  20  2:31  Metabolic Boost  
  20  2:36  Drone  
  20  2:37  Drone  
  21  2:54  Evolution Chamber  
  21  2:57  Queen  
  22  3:00  Zergling x4  
  22  3:02  Queen  
  22  3:04  Drone x3  
  29  3:23  Zerg Melee Weapons Level 1  
  29  3:32  Zergling x8  
  29  3:33  Zergling x2  
  34  3:51  Zergling x6  
  34  3:55  Pneumatized Carapace  
  37  4:13  Zergling x18  
  44  5:17  Zerg Ground Armor Level 1  
  44  5:19  Zergling x14  
  44  5:21  Overlord x3  
  40  5:58  Extractor  
  40  5:59  Lair  
  39  6:22  Spore Crawler  
  39  6:24  Queen  
  40  6:26  Spore Crawler, Drone x3  
  41  6:46  Drone x4  
  45  6:52  Drone x2  
  47  6:55  Drone x6  
  47  6:56  Drone x7  
  47  6:59  Queen  
  56  7:11  Zerg Melee Weapons Level 2  
  55  7:16  Zergling x22  
  66  7:57  Zergling x2  
  66  7:58  Zergling x14  
  74  7:59  Overlord x4  
  49  8:38  Zergling x2  
  49  8:39  Zergling x26  
  49  8:41  Queen  
  65  8:42  Queen x2  
  68  8:59  Spine Crawler  
  56  9:19  Spore Crawler  
  55  9:28  Spore Crawler  
  55  9:34  Zergling x2  
  55  9:35  Zergling x32  
  72  9:48  Hatchery  
  71  9:55  Infestation Pit  
  50  10:22  Zergling x14  
  50  10:23  Zergling x16  
  63  10:35  Queen  
  63  10:41  Hydralisk Den  
  50  11:05  Zergling x2  
  50  11:06  Zergling x10  
  55  11:24  Spine Crawler  
  54  11:26  Spine Crawler  
  54  11:29  Spine Crawler  
  52  11:33  Zergling x2  
  52  11:34  Zergling x24  
  52  11:35  Zergling x16  
Show
View Real Time Build Order
Export as new Build Order

Beartato Terran 

Build Orders:  

Get SALT Encoding   

  12  0:01  SCV  
  13  0:59  SCV  
  14  1:33  Supply Depot  
  14  2:06  SCV  
  15  2:41  SCV  
Show
View Real Time Build Order
Export as new Build Order

царь Terran 

Build Orders:  

Get SALT Encoding   

  12  0:07  SCV  
  13  0:19  SCV  
  14  0:23  Supply Depot  
  14  0:31  SCV  
  15  0:45  SCV  
  16  0:55  Barracks  
  16  0:57  SCV  
  17  1:09  SCV  
  18  1:26  Refinery  
  18  1:34  SCV  
  18  1:35  Refinery  
  19  1:46  SCV  
  20  1:58  SCV  
  21  2:10  SCV  
  22  2:25  Orbital Command  
  22  2:37  Factory  
  22  2:44  Engineering Bay  
  22  2:45  Supply Depot  
  22  3:02  Factory  
  22  3:10  Supply Depot  
  22  3:12  Command Center  
  22  3:17  Missile Turret  
  22  3:19  SCV  
  23  3:31  SCV  
  24  3:34  Factory Tech Lab  
  24  3:43  Armory  
  24  3:47  Factory Tech Lab  
  24  4:03  Supply Depot  
  24  4:04  Supply Depot  
  24  4:27  Supply Depot  
  24  4:28  Supply Depot  
  24  4:39  Refinery  
  24  4:40  SCV  
  24  4:43  Thor x2  
  38  4:52  SCV  
  38  4:54  Terran Vehicle And Ship Armor Level 1  
  38  4:55  Supply Depot  
  38  5:04  Refinery, SCV  
  39  5:25  Thor  
  45  5:31  Planetary Fortress  
  45  5:56  Thor  
  51  6:14  SCV  
  52  6:19  Thor  
  58  6:26  SCV  
  59  6:38  SCV  
  60  6:40  Thor  
  66  6:50  SCV  
  67  7:01  Thor  
  67  7:02  SCV  
  74  7:14  SCV  
  75  7:23  Thor  
  75  7:26  SCV  
  82  7:31  Terran Vehicle Weapons Level 1  
  82  7:38  SCV  
  83  7:44  Thor  
  83  7:50  SCV  
  90  8:03  SCV  
  91  8:05  Thor  
  85  8:15  SCV  
  80  8:27  Thor  
  74  8:48  Thor  
  80  9:14  Thor  
  62  9:31  Thor  
  68  9:46  SCV  
  69  9:56  Thor  
  69  9:58  SCV  
  76  10:10  SCV  
  77  10:14  Thor  
  83  10:23  SCV  
  84  10:35  SCV  
  84  10:39  Thor  
  82  10:57  Thor  
Show
View Real Time Build Order
Export as new Build Order

Pouchkine Zerg 

Build Orders: Pool First 

Get SALT Encoding   

  12  0:06  Drone  
  13  0:08  Drone  
  14  0:30  Spawning Pool  
  14  0:35  Extractor  
  12  0:40  Overlord  
  12  0:45  Drone  
  12  0:47  Drone  
  14  1:05  Drone x2  
  16  1:43  Lair  
  16  1:45  Overlord  
  16  1:46  Overlord x2  
  16  2:01  Extractor  
  15  2:18  Drone x2  
  15  2:19  Drone  
  18  2:35  Overlord  
  18  2:44  Hatchery  
  17  2:57  Spire  
  16  3:07  Overlord  
  16  3:16  Queen  
  18  3:43  Overlord  
  18  3:59  Drone  
  18  4:01  Burrow  
  19  4:10  Mutalisk  
  19  4:11  Mutalisk  
  23  4:20  Drone x2  
  25  4:33  Mutalisk  
  27  4:39  Drone  
  27  4:41  Drone  
  29  4:46  Extractor  
  29  4:50  Drone  
  29  4:57  Mutalisk  
  17  5:21  Mutalisk  
  15  5:48  Drone x3  
  18  6:31  Drone x3  
  21  7:00  Spawning Pool  
  20  7:02  Drone x2  
  20  7:06  Extractor  
  21  7:27  Drone x3  
  22  8:02  Lair  
  22  8:10  Drone x3  
  25  8:20  Spine Crawler  
  25  8:21  Spine Crawler  
  25  8:24  Spine Crawler  
  22  8:29  Spine Crawler  
  21  8:45  Drone x3  
  24  9:37  Spire  
  23  9:42  Overlord x3  
  23  9:47  Pneumatized Carapace  
  23  10:18  Overlord x2  
  23  10:30  Queen  
  25  10:35  Hatchery  
  24  10:51  Mutalisk x3  
  30  11:03  Mutalisk  
  32  11:18  Mutalisk  
  34  11:26  Mutalisk  
  36  11:37  Mutalisk  
Show
View Real Time Build Order
Export as new Build Order

CARGUESAN Terran 

Build Orders:  

Get SALT Encoding   

  12  0:01  SCV  
  13  0:14  SCV  
  14  0:25  Supply Depot  
  14  0:26  SCV  
  15  0:39  Supply Depot  
  15  0:46  Refinery, SCV  
  16  0:51  Refinery  
  16  1:04  Barracks  
  16  1:09  SCV  
  17  1:21  SCV  
  18  1:33  SCV  
  19  1:45  SCV  
  20  1:54  Factory  
  20  1:56  Marine  
  20  1:57  SCV  
  22  2:04  Bunker  
  22  2:11  SCV  
  22  2:14  Marine  
  24  2:23  SCV  
  24  2:27  Factory  
  25  2:35  SCV  
  26  2:38  Marine  
  27  2:44  Factory Tech Lab  
  27  2:54  Supply Depot  
  27  2:56  Marine  
  28  3:03  Siege Tank  
  31  3:11  Factory Tech Lab  
  31  3:15  Orbital Command  
  31  3:36  Siege Tank  
  34  3:44  Supply Depot  
  34  3:48  Supply Depot  
  34  3:50  Siege Tank  
  37  3:59  SCV  
  38  4:05  Barracks  
  38  4:13  Supply Depot  
  38  4:22  Siege Tank x2  
  44  4:38  Barracks Tech Lab  
  44  4:56  Engineering Bay  
  44  4:57  Barracks Reactor  
  44  5:17  SCV  
  44  5:19  Marine  
  46  5:23  Combat Shields  
  46  5:29  SCV  
  46  5:32  Terran Infantry Weapons Level 1  
  47  5:36  Starport  
  47  5:37  Marine  
  48  5:44  Marine x2  
  50  5:55  Marine  
  51  6:02  Marine x2  
  53  6:13  Marine  
  54  6:20  Marine, Starport Reactor  
  54  6:24  Supply Depot  
  55  6:31  Marine  
  56  6:49  Marine  
  57  7:22  Missile Turret  
  57  7:25  Sensor Tower  
  57  7:40  Marine x2  
  57  7:41  Marine  
  57  7:42  Command Center  
  60  7:51  Missile Turret  
  60  7:53  Supply Depot  
  60  7:58  Marine x3  
  63  8:16  Marine x3  
  65  8:34  Marine x3  
  66  8:52  Marine  
  67  8:57  Medivac x2  
  70  9:19  Terran Infantry Armor Level 1  
  70  9:21  Marine x3  
  73  9:26  Medivac, Siege Tank x2  
  73  9:27  Medivac  
  83  9:35  SCV  
  84  9:38  Marine  
  84  9:39  Marine x2  
  84  9:43  Stimpack  
  87  9:47  SCV  
  82  9:56  Marine x2, Medivac  
  82  9:57  Marine, Medivac  
  82  9:58  Siege Tank  
  82  9:59  SCV  
  89  10:12  SCV  
  90  10:14  Marine x3  
  93  10:22  Refinery  
  93  10:24  SCV  
  94  10:48  Refinery  
  94  11:17  Marine, SCV  
Show
View Real Time Build Order
Export as new Build Order

evobus Protoss 

Build Orders:  

Get SALT Encoding   

  12  0:02  Probe (Chrono Boost)  
  13  0:21  Probe (Chrono Boost)  
  14  0:31  Probe (Chrono Boost)  
  14  0:35  Pylon  
  15  0:46  Pylon  
  15  0:53  Probe (Chrono Boost)  
  16  1:19  Probe (Chrono Boost), Forge  
  17  1:30  Probe (Chrono Boost)  
  18  1:40  Probe (Chrono Boost)  
  18  1:46  Pylon  
  19  1:51  Probe (Chrono Boost)  
  19  1:53  Photon Cannon  
  20  1:59  Photon Cannon  
  21  2:01  Probe (Chrono Boost)  
  21  2:12  Probe (Chrono Boost), Photon Cannon  
  22  2:22  Probe (Chrono Boost)  
  23  2:23  Photon Cannon  
  23  2:33  Probe (Chrono Boost)  
  23  2:34  Photon Cannon  
  24  2:39  Photon Cannon  
  24  2:43  Probe (Chrono Boost)  
  25  2:47  Pylon  
  25  3:00  Photon Cannon  
  25  3:05  Photon Cannon  
  25  3:08  Pylon  
  24  3:49  Assimilator  
  24  3:51  Assimilator  
  24  3:55  Probe (Chrono Boost)  
  25  3:59  Pylon  
  25  4:02  Assimilator  
  25  4:03  Assimilator  
  25  4:06  Probe (Chrono Boost), Nexus  
  26  4:16  Probe (Chrono Boost)  
  27  4:20  Gateway  
  27  4:24  Photon Cannon  
  27  4:27  Photon Cannon  
  27  4:31  Probe (Chrono Boost)  
  28  4:42  Probe (Chrono Boost)  
  28  5:18  Probe (Chrono Boost)  
  28  5:19  Cybernetics Core  
  29  5:29  Probe (Chrono Boost)  
  30  5:39  Probe (Chrono Boost)  
  30  5:42  Pylon x2  
  31  5:46  Pylon  
  31  5:50  Probe (Chrono Boost)  
  31  5:51  Pylon  
  31  5:52  Pylon  
  32  6:00  Probe (Chrono Boost)  
  33  6:06  Photon Cannon  
  33  6:09  Photon Cannon  
  33  6:11  Probe (Chrono Boost)  
  33  6:15  Photon Cannon  
Tags
 
Add a new tag
Caveats
  • Supply blocks, unpowered buildings, or Contaminate may cause inaccurate times.
  • Supply counts are checked every 10 seconds.